 Dungeon Crawl Stone Soup version 0.31-a0-538-gbc85326fa9 (webtiles) character file.

Game seed: 18367003213959744178

50 Arcadio the Shooter (level 4, 0/35 HPs)
             Began as a Formicid Hunter on Aug 13, 2023.
             Was an Initiate of Nemelex Xobeh.
             Succumbed to an adder's poison
             ... on level 2 of the Dungeon.
             The game lasted 00:03:53 (979 turns).

Arcadio the Shooter (Formicid Hunter)                Turns: 979, Time: 00:03:54

Health: 0/35       AC:  3    Str: 15    XL:     4   Next: 4%
Magic:  4/4        EV: 12    Int:  9    God:    Nemelex Xobeh [......]
Gold:   7          SH:  0    Dex: 19    Spells: 3/3 levels left

rFire   . . .        b - +0 mace
rCold   . . .        (no shield)
rNeg    . . .        c - +0 leather armour
rPois   .            (helmet unavailable)
rElec   .            (no cloak)
rCorr   .            (no gloves)
SInv    +            (no boots)
Will    .....        (no amulet)
Stlth   ++           (no ring)
HPRegen 0.25/turn    (no ring)
MPRegen 0.09/turn

%: no passive effects
@: lethally poisoned (0 -> -4)
A: permanent stasis, dig shafts and tunnels, antennae 3, four strong arms
a: Dig, Shaft Self, Renounce Religion, Draw Escape, Draw Destruction, Draw
Summoning


You were on level 2 of the Dungeon.
You worshipped Nemelex Xobeh.
Nemelex Xobeh was noncommittal.
You visited 1 branch of the dungeon, and saw 2 of its levels.

You collected 7 gold pieces.

Inventory:

Hand Weapons
 a - a +0 shortbow
 b - a +0 mace (weapon)
Armour
 c - a +0 leather armour (worn)
 k - a +0 chain mail
Jewellery
 h - an amulet of magic regeneration
Scrolls
 d - a scroll of butterflies
 f - a scroll of identify {unknown}
 g - a scroll of enchant armour {unknown}
 i - 2 scrolls of vulnerability {unknown}
 j - a scroll of amnesia {unknown}
 l - a scroll of noise {unknown}


   Skills:
 + Level 3.1 Fighting
 + Level 4.4 Ranged Weapons
 + Level 1.8 Armour
 - Level 1.7 Dodging
 - Level 1.2 Stealth


You had 3 spell levels left.
You didn't know any spells.
Your spell library was empty.

Dungeon Overview and Level Annotations

Branches:
Dungeon (2/15) Zot: 10995

Altars:
Nemelex Xobeh


Innate Abilities, Weirdness & Mutations

You cannot be hasted, slowed, berserked, paralysed or teleported.
You can dig through walls and to a lower floor.
You have a pair of large antennae on your head. (SInv)
Your four strong arms can wield two-handed weapons with a shield.


Message History

You miss the bat.
You feel sick. The bat barely misses you. The bat closely misses you.
The adder bites you.
You are more poisoned.
The adder poisons you! The adder closely misses you.
The bat hits you but does no damage.
You hit the bat.
The bat is heavily wounded.
You feel very sick. The bat barely misses you. The adder bites you.
You are more poisoned.
The adder poisons you! The bat barely misses you. The adder bites you.
You hit the adder.
The adder is severely wounded.
You feel very sick. The bat hits you but does no damage.
The adder bites you but does no damage. The bat hits you but does no damage.
The adder bites you.
You closely miss the adder.
The adder is severely wounded.
You feel very sick. The bat misses you. The adder bites you.
* * * LOW HITPOINT WARNING * * *
The bat hits you.
* * * LOW HITPOINT WARNING * * *
The adder bites you.
* * * LOW HITPOINT WARNING * * *
You closely miss the bat.
The bat is heavily wounded.
* * * LOW HITPOINT WARNING * * *
You feel sick. The bat hits you but does no damage. The bat closely misses you.
The adder closely misses you.
It was a potion of haste.
Your stasis prevents you from being hasted.
* * * LOW HITPOINT WARNING * * *
You feel sick. The bat hits you but does no damage.
The adder bites you but does no damage. The bat hits you but does no damage.
The adder closely misses you.
You closely miss the adder.
The adder is heavily wounded.
You die...
Your body disappears without a glow.

# #.# . #. #.# # #. #.# # #
#. #.# #. # #. #.# #.##
##.###)####### #.#.#
####...##b......#### #. #.
#....(...S@.....##.##. ##
#.##...#######.......## #
.....)#..## #........## ##
##...,#...#####.......).###.
...{ ###.............##.#.#
##. { #...#####..#...####.##
# #...# #..##.## #... <.....
#..##.####.### ###...#
#...[......#


You could see an adder and a bat.

Vanquished Creatures
  An adder (D:2)
  A dart slug (D:2)
  4 ball pythons
  4 bats
  7 endoplasms
  2 giant cockroaches
  5 goblins
  2 hobgoblins (D:1)
  2 quokkas (D:1)
  A frilled lizard (D:1)
  4 kobolds
  2 rats
35 creatures vanquished.

Notes
Turn   | Place    | Note
-------+----------+-------------------------------------------
     0 | D:1      | Arcadio the Formicid Hunter began the quest for the Orb.
     0 | D:1      | Reached XP level 1. HP: 16/16 MP: 1/1
    36 | D:1      | Reached XP level 2. HP: 23/23 MP: 2/2
    48 | D:1      | Reached skill level 1 in Armour
   254 | D:1      | Reached XP level 3. HP: 28/28 MP: 3/3
   652 | D:2      | Found a sparkling altar of Nemelex Xobeh.
   663 | D:2      | Became a worshipper of Nemelex Xobeh the Trickster
   750 | D:2      | Reached XP level 4. HP: 6/35 MP: 4/4
   978 | D:2      | HP: 1/35 [poisoned by an adder]
   979 | D:2      | Succumbed to an adder's poison

Illustrated notes

Levels and vault maps discovered:
D:1:      eino_arrival_tree_alley, layout_rooms, minmay_misc_feat_columns,
          minmay_misc_feat_four_crosses
D:2:      layout_loops_ring, basic_altar

Skill      XL: |  1  2  3 |
---------------+----------+-----
Armour         | 1 |  1.8
Fighting       | 3 |  3.1
Ranged Weapons | |  4.4
Dodging        | |  1.7
Stealth        | |  1.2

Action                     |  1- 3 |  4- 6 || total
---------------------------+-------+-------++-------
  Melee: Mace              |    44 |    13 ||    57
   Fire: Shortbow          |    61 |     8 ||    69
Ability: Dig               |     1 |       ||     1
    Use: Potion            |       |     1 ||     1
   Stab: Sleeping          |     1 |       ||     1
 Armour: Leather armour    |    17 |    16 ||    33
  Dodge: Dodged            |    47 |    16 ||    63

Table legend: (Time is in decaauts)
 A = Elapsed time spent in this place.
 B = Non-inter-level travel time spent in this place.
 C = Inter-level travel time spent in this place.
 D = Time resting spent in this place.
 E = Time spent auto-exploring this place.
 F = Levels seen in this place.
 G = Mean time per level.
                   A        B        C        D        E       F      G
               +--------+--------+--------+--------+--------+-----+--------+
         Total |   1004 |    992 |     12 |    116 |    567 |   2 |  502.0 |
       Dungeon |   1004 |    992 |     12 |    116 |    567 |   2 |  502.0 |
               +--------+--------+--------+--------+--------+-----+--------+

Top non-repeatable levels by time:
     D:1: 547 daAuts
     D:2: 456 daAuts
